 Dungeon Crawl Stone Soup version 0.28.0 (webtiles) character file.

Game seed: 13407564928735948161

92 bande the Skirmisher (level 4, -6/29 HPs)
             Began as a Gargoyle Fighter on Feb 6, 2022.
             Killed by divine providence
             ... invoked by an orc priest
              (13 damage)
             ... on level 3 of the Dungeon.
             The game lasted 00:02:50 (2260 turns).

bande the Skirmisher (Gargoyle Fighter)             Turns: 2260, Time: 00:02:50

Health: -6/29      AC: 12    Str: 19    XL:     4   Next: 60%
Magic:  4/4        EV: 11    Int:  9    God:
Gold:   130        SH:  4    Dex: 11    Spells: 3/3 levels left

rFire   . . .      SeeInvis .   a - +0 war axe
rCold   . . .      Faith    .   c - +0 buckler
rNeg    + . .      Spirit   .   j - +0 chain mail
rPois   ∞          Reflect  .   (no helmet)
rElec   +          Harm     .   (no cloak)
rCorr   +          Rampage  .   (no gloves)
Will    .....                   (no boots)
Stlth   ..........              (no amulet)
HPRegen 0.09/turn               e - ring of resist corrosion
MPRegen 0.09/turn               b - +4 ring of evasion

@: no status effects
A: sickness immunity, AC +3, negative energy resistance 1, electricity
resistance, torment resistance 1, petrification resistance
a: no special abilities


You were on level 3 of the Dungeon.
You visited 1 branch of the dungeon, and saw 3 of its levels.

You collected 130 gold pieces.

Inventory:

Hand Weapons
 a - a +0 war axe (weapon)
Armour
 c - a +0 buckler (worn)
 g - an orb of light
 j - a +0 chain mail (worn)
Jewellery
 b - a +4 ring of evasion (right hand)
 e - a ring of resist corrosion (left hand)
 h - a ring of fire
Scrolls
 k - a scroll of teleportation
Potions
 d - a potion of might
 f - a potion of heal wounds
 i - 2 potions of cancellation


   Skills:
 + Level 3.8 Fighting
 + Level 3.1 Axes
 + Level 3.7 Armour
 - Level 0.4 Stealth
 + Level 3.7 Shields


You had 3 spell levels left.
You didn't know any spells.
Your spell library contained the following spells:

 Spells                   Type           Power      Damage    Failure   Level
 Magic Dart               Conj           0%         1d3       99%         1
 Call Imp                 Summ           0%         N/A       100%        2
 Mephitic Cloud           Conj/Pois/Air  0%         N/A       100%        3


Dungeon Overview and Level Annotations

Branches:
Dungeon (3/15)

Altars:
Hepliaklqana


Innate Abilities, Weirdness & Mutations

You are immune to sickness and miasma.
Your stone body is resilient. (AC +3)
You are immune to poison.
You resist negative energy. (rN+)
You are resistant to electric shocks. (rElec)
You are resistant to unholy torment.
You are immune to petrification.


Message History

The orc wizard casts a spell.
The orc wizard flickers and vanishes!
Deactivating autopickup; reactivate with Ctrl-A.
An orc comes into view. It is wielding a +0 whip.
The orc shouts!
An orc comes into view.
It is wielding a +1 dagger of protection.
An orc priest comes into view. It is wielding a +0 whip.
The orc hits you but does no damage.
You closely miss the orc. The orc hits you but does no damage.
The orc hits you with a +0 short sword.
You hit the orc but do no damage. You block the orc's attack.
You slash the orc!
You kill the orc!
You miss something. Something hits you. Something hits you but does no damage.
You miss something. Something hits you but does no damage.
You miss something. Something completely misses you.
You hear some strange, mumbled words.
A puff of flame appears from out of thin air!
The puff of flame misses you.
You closely miss something.
You hear some strange, mumbled words.
Something tries to affect you, but you resist.
You slash something! Something hits you but does no damage.
You barely miss something. Something completely misses you.
The orc priest calls down the wrath of Beogh upon you.
Beogh smites you!
You are too injured to fight recklessly!
You are too injured to fight recklessly!
You are too injured to fight recklessly!
You are too injured to fight recklessly!
You miss something. Something hits you but does no damage. Something hits you.
You barely miss something. Something hits you but does no damage.
You hit something but do no damage. Something hits you.
* * * LOW HITPOINT WARNING * * *
You hear some strange, mumbled words.
A puff of flame appears from out of thin air!
You block the puff of flame.
The orc priest mumbles some strange prayers to Beogh against you.
Beogh smites you!
You die...

... ... ... #o#
#o# #o# #####{#
#.....# #.##.@#
#.#..<# .#
#.#...####.#
#.#......#.#.#
#.#.#.##.#.#.###
#.#.#.##.#.#...#
#...#.##.#.#...##
###.#.##........#
####.##........#


You could see an orc priest and 2 orcs.

Vanquished Creatures
  An adder (D:3)
  3 worms
  2 dart slugs
  4 orcs (D:3)
  3 ball pythons
  7 bats
  6 endoplasms
  A giant cockroach (D:1)
  6 goblins
  12 hobgoblins
  4 jackals (D:1)
  2 quokkas (D:1)
  A frilled lizard (D:1)
  5 rats
57 creatures vanquished.

Notes
Turn   | Place    | Note
-------+----------+-------------------------------------------
     0 | D:1      | bande the Gargoyle Fighter began the quest for the Orb.
     0 | D:1      | Reached XP level 1. HP: 14/14 MP: 1/1
    78 | D:1      | Reached XP level 2. HP: 19/19 MP: 2/2
   149 | D:1      | Found Uwoep's Weapon Boutique.
   169 | D:1      | Found a faded altar of an unknown god.
   485 | D:1      | Reached XP level 3. HP: 18/23 MP: 3/3
  1213 | D:2      | Reached XP level 4. HP: 21/28 MP: 4/4
  2200 | D:3      | Found a hazy altar of Hepliaklqana.
  2260 | D:3      | Killed from afar by an orc priest

Illustrated notes

Levels and vault maps discovered:
D:1:      evilmike_arrival_plus, layout_basic, basic_ecumenical_altar,
          serial_shops, nicolae_shop_hallway_stairs
D:2:      layout_rooms
D:3:      layout_basic, mainiacjoe_overflow_tiny_flanked,
          kennysheep_big_empty_room

Skill      XL: |  1  2  3  4 |
---------------+-------------+-----
Axes           | 2 3 |  3.1
Fighting       | |  3.8
Armour         | |  3.7
Stealth        | |  0.4
Shields        | |  3.7

Action                   |  1- 3 |  4- 6 || total
-------------------------+-------+-------++-------
Melee: War axe           |   113 |    70 ||   183
  Use: Scroll            |     4 |     1 ||     5
Armor: Scale mail        |    72 |    15 ||    87
       Chain mail        |       |    17 ||    17
Dodge: Dodged            |    69 |    26 ||    95
Block: Buckler           |    25 |    16 ||    41
